 Dungeon Crawl Stone Soup version 0.32-a0-928-g1cae6b7ea0 (webtiles) character file.

Game seed: 5376553239209709495

1605 Ofeo the Trooper (level 8, -7/68 HPs)
             Began as a Coglin Brigand on Apr 13, 2024.
             Was a Follower of Okawaru.
             Splashed by a jelly's acid (10 damage)
             ... on level 6 of the Dungeon.
             The game lasted 00:06:52 (6810 turns).

Ofeo the Trooper (Coglin Brigand)                   Turns: 6810, Time: 00:06:53

Health: -7/68      AC: -9    Str: 11    XL:     8   Next: 94%
Magic:  8/8        EV: 10    Int: 12    God:    Okawaru [*.....]
Gold:   287        SH:  0    Dex: 17    Spells: 7/7 levels left

rFire   . . .        a - +2 dagger {Jia}
rCold   + . .        o - +0 short sword {Tae}
rNeg    . . .        p - +4 ring mail {rC+}
rPois   .            (no helmet)
rElec   .            c - +0 cloak
rCorr   .            (no gloves)
SInv    .            v - +0 pair of boots
Will    .....        (amulet unavailable)
Stlth   ++           (ring unavailable)
HPRegen 0.31/turn    (ring unavailable)
MPRegen 0.11/turn    (no gizmo)

%: no passive effects
@: corroded, revved
A: off-hand wielding, slow wielding, warmup strikes, no jewellery
a: Invent Gizmo, Renounce Religion, Heroism


You were on level 6 of the Dungeon.
You worshipped Okawaru.
Okawaru was aware of your devotion.
You visited 1 branch of the dungeon, and saw 6 of its levels.

You collected 287 gold pieces.

Inventory:

Hand Weapons
 a - a +2 dagger (weapon) {Jia}
 j - a +0 broad axe
 o - a +0 short sword (offhand) {Tae}
 x - a +2 vampiric trident
Missiles
 d - 17 poisoned darts (quivered)
 e - 3 curare-tipped darts
 l - 6 atropa-tipped darts
Armour
 b - a +0 robe
 c - a +0 cloak (worn)
 g - the +2 ring mail of Card Tricks {Int+3}
   (You found it on level 3 of the Dungeon)

   Int+3:     It affects your intelligence (+3).
 p - a +4 ring mail of cold resistance (worn)
 v - a +0 pair of boots (worn)
Wands
 f - a wand of flame (7)
 t - a wand of paralysis (16)
 w - a wand of warping (8)
Scrolls
 n - 3 scrolls of teleportation {@r3}
 u - a scroll of blinking {@r4}
Potions
 h - 4 potions of heal wounds {@q2}
 k - a potion of brilliance
 m - 2 potions of degeneration {unknown}
 q - 2 potions of curing {@q1}
 r - a potion of invisibility {unknown}
 s - a potion of haste {@q3}
 R - 2 potions of berserk rage


   Skills:
 + Level 7.9 Fighting
 - Level 3.9 Short Blades
 - Level 3.9 Throwing
 - Level 3.5 Dodging
 - Level 4.8 Stealth


You had 7 spell levels left.
You didn't know any spells.
Your spell library contained the following spells:

 Spells                   Type           Power      Damage    Failure   Level
 Shock                    Conj/Air       0%         1d3       63%         1
 Swiftness                Air            0%         N/A       94%         3
 Airstrike                Air            0%         2d(0-16)  100%        4
 Animate Dead             Necr           Unusable   N/A       N/A         4
 Haunt                    Necr/Summ      Unusable   N/A       N/A         7
 Infestation              Necr           Unusable   N/A       N/A         8

Dungeon Overview and Level Annotations

Branches:
Dungeon (6/15)             Temple (0/1) D:5

Altars:
Dithmenos
Fedhas
Okawaru
Qazlal
Sif Muna


Innate Abilities, Weirdness & Mutations

You can wield a second weapon in your off-hand.
It takes a long time for you to wield or remove held weapons.
Your first few attacks do less damage.
You cannot equip rings or amulets.


Message History

You barely miss the jelly with your +2 dagger.
You hit the jelly with your +0 short sword.
The acid corrodes you!
Your graspers burn!
The jelly barely misses you.
You take 3 damage, and have 65/68 hp.
You hit the jelly with your +2 dagger.
Your graspers burn!
The jelly is moderately wounded.
You hit the jelly but do no damage.
Your graspers burn!
The jelly hits you but does no damage.
You take 4 damage, and have 61/68 hp.
You hit the jelly with your +2 dagger.
Your graspers burn!
The jelly is moderately wounded.
You hit the jelly with your +0 short sword.
Your graspers burn!
The jelly hits you. The acid corrodes you!
You are splashed with acid!
You take 19 damage, and have 42/68 hp.
MASSIVE DAMAGE!!
You hit the jelly with your +2 dagger.
Your graspers burn!
The jelly is heavily wounded.
You hit the jelly but do no damage. The acid corrodes you!
Your graspers burn!
The jelly closely misses you.
You take 8 damage, and have 34/68 hp.
You hit the jelly but do no damage.
Your graspers burn!
The jelly is heavily wounded.
You hit the jelly but do no damage.
Your graspers burn!
You take 4 damage, and have 30/68 hp.
You hit the jelly with your +0 short sword.
Your graspers burn!
The jelly is heavily wounded.
You hit the jelly but do no damage.
Your graspers burn!
The jelly hits you. The acid corrodes you!
You are splashed with acid!
* * * LOW HITPOINT WARNING * * *
You take 15 damage, and have 15/68 hp.
MASSIVE DAMAGE!!
You hit the jelly but do no damage.
Your graspers burn!
* * * LOW HITPOINT WARNING * * *
The jelly is heavily wounded.
You hit the jelly but do no damage. The acid corrodes you!
Your graspers burn!
* * * LOW HITPOINT WARNING * * *
The jelly hits you.
* * * LOW HITPOINT WARNING * * *
You are splashed with acid!
You die...

###.. ..# ###...
#####..# ##.....
.......#######......
................#..
...#######.....#.. ##..#
###...#.. #.J$# ##.....
#.@.## #..... .##....###
##....
............#######..##.
....................## .
...................##
..................##
########..........##
#...........#
#................


You could see a jelly.

Vanquished Creatures
  Grinder (D:4)
  Sigmund (D:4)
  A steam dragon (D:5)
  A sky beast (D:3)
  A black bear (D:3)
  2 ogres
  A phantom (D:5)
  Blork the orc (D:5)
  2 scorpions (D:4)
  3 hounds
  3 bombardier beetles
  Ijyb (D:3)
  2 iguanas (D:5)
  3 orc wizards (D:4)
  4 adders
  4 gnolls (D:5)
  A shadow imp (D:5)
  2 dart slugs
  A ribbon worm (D:3)
  11 orcs
  11 ball pythons
  11 endoplasms
  10 goblins
  3 hobgoblins
  11 jackals
  3 quokkas
  7 bats
  2 frilled lizards (D:1)
  4 kobolds
  9 rats
117 creatures vanquished.

Notes
Turn   | Place    | Note
-------+----------+-------------------------------------------
     0 | D:1      | Ofeo the Coglin Brigand began the quest for the Orb.
     0 | D:1      | Reached XP level 1. HP: 16/16 MP: 1/1
    55 | D:1      | Reached skill level 1 in Dodging
   496 | D:1      | Reached XP level 2. HP: 21/22 MP: 2/2
   958 | D:1      | Reached XP level 3. HP: 27/27 MP: 3/3
  1929 | D:2      | Found a shimmering blue altar of Sif Muna.
  2342 | D:3      | Reached XP level 4. HP: 34/34 MP: 4/4
  2521 | D:3      | Found a stormy altar of Qazlal.
  2521 | D:3      | Noticed a sky beast
  2521 | D:3      | Noticed Ijyb
  2577 | D:3      | Noticed a black bear
  2723 | D:3      | Killed Ijyb
  2724 | D:3      | Reached XP level 5. HP: 30/40 MP: 5/5
  2736 | D:3      | Killed a black bear
  2737 | D:3      | Reached skill level 3 in Fighting
  2737 | D:3      | Reached XP level 6. HP: 28/47 MP: 6/6
  2839 | D:3      | Killed a sky beast
  3191 | D:3      | Identified the +2 ring mail of Card Tricks {Int+3}
  3403 | D:4      | Found a shadowy altar of Dithmenos.
  3544 | D:4      | Found an iron altar of Okawaru.
  3547 | D:4      | Noticed Sigmund
  3556 | D:4      | Killed Sigmund
  3557 | D:4      | Reached XP level 7. HP: 45/53 MP: 7/7
  3564 | D:4      | Became a worshipper of Warmaster Okawaru
  3849 | D:4      | Reached skill level 4 in Fighting
  4080 | D:4      | Found a blossoming altar of Fedhas.
  4469 | D:4      | Reached XP level 8. HP: 34/61 MP: 8/8
  4967 | D:5      | Entered Level 5 of the Dungeon
  4967 | D:5      | Noticed Grinder
  4968 | D:5      | Paralysed by Grinder for 3 turns
  4978 | D:4      | Paralysed by Grinder for 3 turns
  4987 | D:4      | Paralysed by Grinder for 4 turns
  4998 | D:4      | Killed Grinder
  4999 | D:4      | Reached skill level 5 in Fighting
  5266 | D:5      | Reached * piety under Okawaru
  5362 | D:5      | Reached skill level 6 in Fighting
  5524 | D:5      | Found a staircase to the Ecumenical Temple.
  6110 | D:5      | Reached skill level 7 in Fighting
  6430 | D:5      | Noticed Blork the orc
  6453 | D:5      | Killed Blork the orc
  6810 | D:6      | HP: 3/68 [jelly (3)]
  6810 | D:6      | Splashed by a jelly's acid

Illustrated notes

Levels and vault maps discovered:
D:1:      dpeg_arrival_central, layout_basic, st_stairs_7,
          minmay_split_cup_small
D:2:      layout_loops_ring, basic_altar, chequers_serial_rivers_micro_b
D:3:      layout_rooms, nicolae_qazlal_beasts_of_the_sky, chequers_arboretum,
          serial_bayou_lagoon_a, uniq_ijyb
D:4:      layout_basic, mainiacjoe_overflow_cross_hatched, lemuel_doored_altar,
          okawaru_metal_pillars_3, wad_woods_river_04, uniq_sigmund
D:5:      layout_gridville, minmay_temple_entry_crystal_x, uniq_blork_the_orc,
          uniq_grinder
D:6:      kennysheep_kobold_camp, layout_layer_cave,
          mainiacjoe_overflow_alcove_1

Skill      XL: |  1  2  3  4  5  6  7  8 |
---------------+-------------------------+-----
Dodging        | 1 2 3 |  3.5
Short Blades   | 2 3 |  3.9
Throwing       | 2 3 |  3.9
Fighting       | 3 4 7 |  7.9
Stealth        | 4 |  4.8

Action                     |  1- 3 |  4- 6 |  7- 9 || total
---------------------------+-------+-------+-------++-------
  Melee: Dagger            |   136 |    71 |   204 ||   411
         Short sword       |    36 |    69 |   202 ||   307
         Unarmed           |       |    19 |       ||    19
  Throw: Dart              |       |     4 |     8 ||    12
  Evoke: Wand              |       |       |     7 ||     7
    Use: Scroll            |     3 |     4 |     3 ||    10
         Potion            |       |       |     1 ||     1
   Stab: Sleeping          |     9 |     8 |     5 ||    22
         Confused          |       |     3 |       ||     3
         Paralysed         |       |       |     1 ||     1
 Armour: Robe              |    42 |    30 |       ||    72
         Skin              |       |    21 |       ||    21
         Ring mail         |       |     9 |   153 ||   162
  Dodge: Dodged            |    45 |    91 |    72 ||   208

Table legend: (Time is in decaauts)
 A = Elapsed time spent in this place.
 B = Non-inter-level travel time spent in this place.
 C = Inter-level travel time spent in this place.
 D = Time resting spent in this place.
 E = Time spent auto-exploring this place.
 F = Levels seen in this place.
 G = Mean time per level.
                   A        B        C        D        E       F      G
               +--------+--------+--------+--------+--------+-----+--------+
         Total |   6769 |   6433 |    336 |    483 |   4941 |   6 | 1128.2 |
       Dungeon |   6769 |   6433 |    336 |    483 |   4941 |   6 | 1128.2 |
               +--------+--------+--------+--------+--------+-----+--------+

Top non-repeatable levels by time:
     D:4: 1856 daAuts
     D:1: 1477 daAuts
     D:5: 1438 daAuts
     D:2: 988 daAuts
     D:3: 910 daAuts
     D:6: 98 daAuts
